 Dungeon Crawl Stone Soup version 0.29-a0-845-g6161e89988 (webtiles) character file.

Game seed: 10304973461740812770

774 clackabat the Spear-Bearer (level 7, -1/58 HPs)
             Began as a Merfolk Monk on July 16, 2022.
             Slain by a vampire mosquito (3 damage)
             ... on level 5 of the Dungeon.
             The game lasted 00:08:25 (5414 turns).

clackabat the Spear-Bearer (Merfolk Monk)           Turns: 5414, Time: 00:08:25

Health: -1/58      AC:  7    Str: 11    XL:     7   Next: 84%
Magic:  7/7        EV: 13    Int: 12    God:
Gold:   216        SH:  0    Dex: 16    Spells: 6/6 levels left

rFire   . . .      SeeInvis .   o - +1 trident
rCold   . . .      Faith    .   (no shield)
rNeg    . . .      Spirit   .   h - +0 leather armour
rPois   .          Reflect  .   g - +1 helmet
rElec   .          Harm     .   l - +0 cloak
rCorr   .          Rampage  .   r - +0 pair of gloves
Will    .....                   (no boots)
Stlth   ++........              (no amulet)
HPRegen 0.19/turn               (no ring)
MPRegen 0.10/turn               (no ring)

@: hasted, very quick
A: (nimble swimmer 2), mertail
a: no special abilities


You were on level 5 of the Dungeon.
You visited 1 branch of the dungeon, and saw 5 of its levels.

You collected 216 gold pieces.

Inventory:

Hand Weapons
 a - a +0 spear
 o - a +1 trident (weapon)
Missiles
 j - 16 poisoned darts (quivered)
Armour
 b - a +0 robe
 f - a +0 ring mail
 g - a +1 helmet (worn)
 h - a +0 leather armour (worn)
 l - a +0 cloak (worn)
 r - a +0 pair of gloves (worn)
Scrolls
 d - a scroll of identify
 e - a scroll of blinking {unknown}
 m - a scroll of noise
Potions
 c - a potion of ambrosia
 i - a potion of attraction
 k - 2 potions of flight
 n - 2 potions of berserk rage {unknown}
 p - a potion of degeneration
 s - a potion of invisibility {unknown}
 u - a potion of mutation {unknown}


   Skills:
 + Level 6.0 Fighting
 * Level 9.6 Polearms
 + Level 5.0 Dodging
 - Level 2.1 Stealth


You had 6 spell levels left.
You didn't know any spells.
Your spell library contained the following spells:

 Spells                   Type           Power      Damage    Failure   Level
 Conjure Flame            Conj/Fire      0%         6-21      78%         3
 Ignite Poison            Fire/Tmut/Pois 0%         N/A       78%         3
 Sticky Flame             Conj/Fire      0%         2d3       99%         4


Dungeon Overview and Level Annotations

Branches:
Dungeon (5/15)
 Temple: D:4-7

Altars:
Yredelemnul

Shops:
D:3 (


Innate Abilities, Weirdness & Mutations

((You are very nimble when in or above water. (Stealth+, EV+, Speed+++)))
Your lower body shifts to a powerful aquatic tail in water.


Message History

You barely miss the vampire mosquito.
The vampire mosquito is almost destroyed.
The vampire mosquito barely misses you.
You hit the vampire mosquito but do no damage.
The vampire mosquito is almost destroyed.
The vampire mosquito barely misses you.
You miss the vampire mosquito.
The vampire mosquito is almost destroyed.
The vampire mosquito bites you!
* * * LOW HITPOINT WARNING * * *
The vampire mosquito draws strength from your injuries!
The vampire mosquito bites you!
* * * LOW HITPOINT WARNING * * *
The vampire mosquito draws strength from your injuries!
You hit the vampire mosquito.
The vampire mosquito is severely damaged.
The vampire mosquito barely misses you.
You miss the vampire mosquito.
The vampire mosquito is severely damaged.
The vampire mosquito closely misses you.
You barely miss the vampire mosquito.
The vampire mosquito is severely damaged.
The vampire mosquito barely misses you.
You miss the vampire mosquito.
The vampire mosquito is severely damaged.
The vampire mosquito bites you.
* * * LOW HITPOINT WARNING * * *
The vampire mosquito draws strength from your injuries!
You barely miss the vampire mosquito.
The vampire mosquito is heavily damaged.
The vampire mosquito bites you.
* * * LOW HITPOINT WARNING * * *
The vampire mosquito draws strength from your injuries!
You closely miss the vampire mosquito.
The vampire mosquito is heavily damaged.
The vampire mosquito completely misses you.
You puncture the vampire mosquito!
The vampire mosquito is almost destroyed.
The vampire mosquito bites you.
You die...

#...# #...# #..#
##### #
########..##......
#.#.........†.......
#.#.######.#########
#...# #<##### ###.#
#.....# #@# #####.#
#y# #o# #y# #y# #o#
#.# #..


You could see 3 vampire mosquitoes and 2 orcs.

Vanquished Creatures
  A vampire mosquito (D:5)
  3 scorpions
  A howler monkey (D:5)
  2 orc priests
  4 iguanas (D:4)
  Natasha (D:3)
  2 orc wizards
  A howler monkey zombie (D:2)
  6 adders
  3 gnolls (D:4)
  An adder skeleton (D:2)
  An adder zombie (D:2)
  3 worms
  3 dart slugs
  7 orcs
  6 bats
  A bat skeleton (D:2)
  2 bat zombies (D:2)
  9 endoplasms
  A giant cockroach (D:3)
  6 goblins
  4 hobgoblins
  6 jackals
  A quokka (D:3)
  4 ball pythons
  3 frilled lizards
  8 kobolds
  2 rats
92 creatures vanquished.

Notes
Turn   | Place    | Note
-------+----------+-------------------------------------------
     0 | D:1      | clackabat the Merfolk Monk began the quest for the Orb.
     0 | D:1      | Reached XP level 1. HP: 18/18 MP: 1/1
   160 | D:1      | Reached XP level 2. HP: 24/24 MP: 2/2
   573 | D:1      | Found a faded altar of an unknown god.
   689 | D:1      | Reached skill level 5 in Polearms
   740 | D:1      | Reached XP level 3. HP: 27/30 MP: 3/3
  1168 | D:2      | Reached XP level 4. HP: 36/37 MP: 4/4
  1585 | D:2      | Reached skill level 6 in Polearms
  1717 | D:2      | Found a basalt altar of Yredelemnul.
  1915 | D:2      | Noticed a scorpion
  1955 | D:2      | Killed a scorpion
  1956 | D:2      | Reached XP level 5. HP: 10/43 MP: 5/5
  2747 | D:3      | Reached skill level 7 in Polearms
  3373 | D:3      | Noticed Natasha
  3380 | D:3      | Killed Natasha
  3577 | D:3      | Found Roriq's Antique Weapon Boutique.
  3917 | D:4      | Reached XP level 6. HP: 50/50 MP: 6/6
  3970 | D:4      | Reached skill level 5 in Fighting
  4181 | D:4      | Reached skill level 8 in Polearms
  4548 | D:4      | Reached XP level 7. HP: 43/56 MP: 7/7
  5102 | D:4      | Reached skill level 9 in Polearms
  5331 | D:5      | Entered Level 5 of the Dungeon
  5356 | D:5      | Noticed a vampire mosquito
  5357 | D:5      | Noticed a vampire mosquito
  5366 | D:5      | Noticed a vampire mosquito
  5368 | D:5      | Noticed a vampire mosquito
  5387 | D:5      | Killed a vampire mosquito
  5388 | D:5      | Reached skill level 5 in Dodging
  5412 | D:5      | HP: 2/58 [vampire mosquito (3)]
  5414 | D:5      | Slain by a vampire mosquito

Illustrated notes

Levels and vault maps discovered:
D:1:      amcnicky_arrival_single_pillar, layout_basic,
          shapermc_ecumenical_altar_mp_ritualfount, hangedman_decor_riveting
D:2:      layout_loops_cross, serial_undead, serial_undead_d, serial_undead_e,
          serial_undead_d, serial_undead_a, serial_undead_d, serial_undead_b,
          basic_altar
D:3:      layout_basic, serial_shops, shop_fountains, uniq_natasha
D:4:      layout_loops_ring
D:5:      layout_loops_ring, minmay_temple_entry_from_below_b

Skill      XL: |  1  2  3  4  5  6  7 |
---------------+----------------------+-----
Polearms       | 5 6 7 8 9 |  9.6
Fighting       | 4 5 6 |  6.0
Dodging        | 5 |  5.0
Stealth        | |  2.1

Action                   |  1- 3 |  4- 6 |  7- 9 || total
-------------------------+-------+-------+-------++-------
Melee: Spear             |   135 |   166 |       ||   301
       Punch             |     1 |     2 |       ||     3
       Trident           |       |   113 |    96 ||   209
  Use: Potion            |       |     5 |     2 ||     7
       Scroll            |       |     9 |       ||     9
 Stab: Sleeping          |     4 |     8 |     1 ||    13
       Distracted        |       |       |     1 ||     1
Armor: Ring mail         |    19 |       |       ||    19
       Leather armour    |    15 |    39 |    22 ||    76
Dodge: Dodged            |    85 |   121 |    40 ||   246

Table legend: (Time is in decaauts)
 A = Elapsed time spent in this place.
 B = Non-inter-level travel time spent in this place.
 C = Inter-level travel time spent in this place.
 D = Time resting spent in this place.
 E = Time spent auto-exploring this place.
 F = Levels seen in this place.
 G = Mean time per level.
                   A        B        C        D        E       F      G
               +--------+--------+--------+--------+--------+-----+--------+
         Total |   5320 |   4963 |    357 |   1134 |   3052 |   5 | 1064.0 |
       Dungeon |   5320 |   4963 |    357 |   1134 |   3052 |   5 | 1064.0 |
               +--------+--------+--------+--------+--------+-----+--------+

Top non-repeatable levels by time:
     D:3: 1587 daAuts
     D:4: 1408 daAuts
     D:2: 1311 daAuts
     D:1: 950 daAuts
     D:5: 61 daAuts
